[Event "42nd Olympiad Baku 2016 Women"]
[Site "Baku"]
[Date "2016.09.05"]
[Round "4.27"]
[White "Hamid, Rani"]
[Black "Ozturk, Kubra"]
[Result "0-1"]
[ECO "C92"]
[WhiteElo "1993"]
[BlackElo "2277"]
[Annotator ""]
[PlyCount "88"]
[EventDate "2016.??.??"]
[EventCountry "AZE"]
[SourceTitle "playchess.com"]
[Source "ChessBase"]
[WhiteTeam "Bangladesh"]
[BlackTeam "Turkey"]
[WhiteTeamCountry "BAN"]
[BlackTeamCountry "TUR"]
[TimeControl "40/5400+30:1800+30"]

1. e4 {(06:00)} e5 {(00:00)} 2. Nf3 {(00:06)} Nc6 {
(00:00)} 3. Bb5 {(00:09)} a6 {(00:00)} 4. Ba4 {(00:
06)} Nf6 {(00:03)} 5. O-O {(00:17)} Be7 {(00:32)} 6. Re1 {
(00:10)} b5 {(00:05)} 7. Bb3 {(00:07)} d6 {(00:15)}
8. c3 {(00:18)} O-O {(00:12)} 9. h3 {(00:07)} a5 {(
00:23)} 10. a4 {(01:58)} b4 {(02:58)} 11. d4 {(00:59)}
bxc3 {(00:18)} 12. bxc3 {(00:31)} exd4 {(00:16)} 13. cxd4
{(01:13)} d5 {(00:06)} 14. exd5 {(03:46)} Nxd5 {(
00:53)} 15. Bd2 {(00:16)} Bf6 {(14:10)} 16. Nc3 {(02:32)}
Ndb4 {(06:05)} 17. Be3 {(05:39)} Bf5 {(03:31)} 18. Qd2 {
(01:46)} Rb8 {(12:47)} 19. Red1 {(08:12)} Nd3 {(16:
35)} 20. Bc2 {(01:06)} Ncb4 {(03:48)} 21. Bb1 {(01:39)}
Bg6 {(02:55)} 22. Ne1 {(05:52)} Nxe1 {(03:40)} 23. Rxe1 {
(01:29)} c5 {(05:41)} 24. Nb5 {(04:02)} Rb7 {(12:
37)} 25. Bxg6 {(01:00)} hxg6 {(00:23)} 26. Rad1 {(03:52)}
Rd7 {(01:51)} 27. Qc3 {(01:18)} Rd5 {(01:37)} 28. Qc4 {
(01:27)} cxd4 {(01:28)} 29. Bxd4 {(00:33)} Qd7 {(
01:44)} 30. Re4 {(08:06)} Rc8 {(01:23)} 31. Qe2 {(08:54)}
Nc6 {(01:19)} 32. Qe3 {(18:15)} Rd8 {(01:03)} 33. Rc1 {
(09:52)} Bxd4 {(00:58)} 34. Qb3 {(01:59)} Be5 {(01:
14)} 35. f4 {(00:57)} Nd4 {(02:16)} 36. Qc4 {(00:54)} Nxb5
{(00:42)} 37. fxe5 {(00:27)} Nd4 {(01:20)} 38. Rce1 {
(01:17)} Ne6 {(00:16)} 39. Qc1 {(00:27)} Rd2 {(01:
44)} 40. Kh2 {(00:00)} Rc8 {(00:00)} 41. Qa3 {(00:59)}
Rcc2 {(01:20)} 42. Rg4 {(00:46)} Qd5 {(02:12)} 43. Qg3 {
(01:01)} Nf4 {(01:53)} 44. Rg1 {(00:57)} Rxg2+ {(
01:58)} 0-1

[Event "42nd Olympiad Baku 2016 Women"]
[Site "Baku"]
[Date "2016.09.05"]
[Round "4.4"]
[White "Hapala, Elisabeth"]
[Black "Nadirjanova, Nodira"]
[Result "1-0"]
[ECO "C03"]
[WhiteElo "2021"]
[BlackElo "2126"]
[Annotator ""]
[PlyCount "51"]
[EventDate "2016.??.??"]
[EventCountry "AZE"]
[SourceTitle "playchess.com"]
[Source "ChessBase"]
[WhiteTeam "Austria"]
[BlackTeam "Uzbekistan"]
[WhiteTeamCountry "AUT"]
[BlackTeamCountry "UZB"]
[TimeControl "40/5400+30:1800+30"]

1. e4 {(00:00)} e6 {(00:00)} 2. d4 {(00:00)} d5 {(
00:00)} 3. Nd2 {(00:00)} a6 {(01:00)} 4. Ngf3 {(00:00)}
Nf6 {(03:02)} 5. Bd3 {(00:50)} c5 {(00:43)} 6. c3 {
(00:18)} Nc6 {(10:16)} 7. O-O {(01:14)} cxd4 {(13:
08)} 8. cxd4 {(00:09)} dxe4 {(01:01)} 9. Nxe4 {(00:05)}
Be7 {(01:11)} 10. a3 {(00:33)} O-O {(00:43)} 11. Be3 {
(09:38)} Nd5 {(07:51)} 12. Qc2 {(10:01)} h6 {(13:
42)} 13. Rac1 {(09:58)} Qb6 {(11:30)} 14. Qe2 {(07:28)}
Nxe3 {(03:06)} 15. fxe3 {(00:09)} Bd7 {(01:07)} 16. Bb1 {
(04:40)} g6 {(04:39)} 17. Qf2 {(11:12)} Rad8 {(05:
45)} 18. Nh4 {(05:25)} Kg7 {(03:56)} 19. Nf6 {(04:14)} Qc7
{(02:19)} 20. Nxg6 {(06:49)} fxg6 {(00:30)} 21. Qc2 {
(00:05)} Rxf6 {(04:06)} 22. Rxf6 {(00:04)} Bxf6 {(
02:48)} 23. Qxg6+ {(00:08)} Kf8 {(00:23)} 24. Qxf6+ {(00:
08)} Kg8 {(00:23)} 25. Qg6+ {(06:31)} Kf8 {(00:14)} 26.
Qh7 {(00:24)} 1-0

[Event "42nd Olympiad Baku 2016 Women"]
[Site "Baku"]
[Date "2016.09.05"]
[Round "4.9"]
[White "Harika, Dronavalli"]
[Black "Shvayger, Yuliya"]
[Result "1/2-1/2"]
[ECO "A45"]
[WhiteElo "2542"]
[BlackElo "2408"]
[Annotator ""]
[PlyCount "62"]
[EventDate "2016.??.??"]
[EventCountry "AZE"]
[SourceTitle "playchess.com"]
[Source "ChessBase"]
[WhiteTeam "India"]
[BlackTeam "Israel"]
[WhiteTeamCountry "IND"]
[BlackTeamCountry "ISR"]
[TimeControl "40/5400+30:1800+30"]

1. d4 {(00:00)} Nf6 {(00:00)} 2. Bg5 {(00:00)} d5 {
(03:03)} 3. e3 {(00:09)} c5 {(03:17)} 4. c3 {(00:
27)} e6 {(05:47)} 5. Nd2 {(00:54)} Nc6 {(01:17)} 6. f4 {
(10:05)} Qb6 {(06:56)} 7. Rb1 {(15:28)} Be7 {(09:
15)} 8. Bd3 {(02:27)} Bd7 {(00:41)} 9. Qe2 {(10:41)} Rc8 {
(08:43)} 10. Ngf3 {(02:05)} h6 {(08:14)} 11. Bh4 {(
09:39)} Ng4 {(02:18)} 12. Bxe7 {(05:11)} Nxe7 {(00:03)}
13. Ne5 {(03:16)} Nf6 {(01:33)} 14. O-O {(00:59)} a6 {
(05:16)} 15. Nxd7 {(15:27)} Nxd7 {(00:21)} 16. g4 {
(00:46)} h5 {(08:05)} 17. g5 {(01:58)} g6 {(00:23)}
18. Nf3 {(00:44)} O-O {(02:33)} 19. Rbd1 {(00:31)} c4 {
(05:06)} 20. Bb1 {(00:08)} Qd6 {(00:05)} 21. a3 {(
05:19)} b5 {(00:15)} 22. Ne5 {(01:43)} Nb6 {(01:55)} 23.
Rf3 {(02:10)} Kg7 {(02:21)} 24. Rh3 {(01:01)} Rh8 {
(00:17)} 25. Rf1 {(00:28)} Rb8 {(01:55)} 26. e4 {(
02:43)} dxe4 {(00:40)} 27. Bxe4 {(00:04)} Nbd5 {(00:40)}
28. Rhf3 {(00:30)} Rhc8 {(02:28)} 29. Rh3 {(00:25)} Rh8 {
(00:12)} 30. Rhf3 {(00:04)} Rhc8 {(00:05)} 31. Rh3 {
(00:10)} Rh8 {(00:06)} 1/2-1/2

[Event "42nd Olympiad Baku 2016 Women"]
[Site "Baku"]
[Date "2016.09.05"]
[Round "4.17"]
[White "Hernandez, Bera"]
[Black "Marzouk, Amira"]
[Result "1-0"]
[ECO "B50"]
[WhiteElo "1808"]
[BlackElo "1724"]
[Annotator ""]
[PlyCount "115"]
[EventDate "2016.??.??"]
[EventCountry "AZE"]
[SourceTitle "playchess.com"]
[Source "ChessBase"]
[WhiteTeam "El Salvador"]
[BlackTeam "Tunisia"]
[WhiteTeamCountry "ESA"]
[BlackTeamCountry "TUN"]
[TimeControl "40/5400+30:1800+30"]

1. e4 {(00:00)} c5 {(00:00)} 2. Nf3 {(00:00)} d6 {(
00:00)} 3. Bc4 {(00:00)} Nc6 {(02:04)} 4. c3 {(00:16)} Nf6
{(00:13)} 5. d3 {(00:08)} g6 {(00:46)} 6. h3 {(02:
30)} Bg7 {(01:12)} 7. Qe2 {(00:54)} a6 {(03:32)} 8. a4 {
(02:30)} O-O {(00:56)} 9. Nbd2 {(03:43)} Bd7 {(01:
27)} 10. Bb3 {(04:11)} b5 {(08:41)} 11. axb5 {(03:28)}
axb5 {(00:07)} 12. Rxa8 {(00:06)} Qxa8 {(00:03)} 13. O-O {
(00:23)} Ne8 {(06:33)} 14. Nh2 {(03:52)} Nc7 {(03:
03)} 15. f4 {(00:51)} Qa7 {(03:40)} 16. Kh1 {(02:23)} Be6
{(05:12)} 17. Bc2 {(02:48)} b4 {(04:15)} 18. f5 {(
00:36)} Bd7 {(00:05)} 19. Ng4 {(04:22)} bxc3 {(05:38)} 20.
bxc3 {(00:10)} Bxc3 {(00:44)} 21. Nh6+ {(03:11)} Kg7 {
(00:17)} 22. Nf3 {(03:05)} Nd4 {(04:49)} 23. Nxd4 {
(00:38)} Bxd4 {(00:06)} 24. Bb3 {(01:32)} f6 {(11:
33)} 25. Qd2 {(04:17)} Qb8 {(08:25)} 26. Bc4 {(02:18)} Qb4
{(09:40)} 27. Qe2 {(05:17)} g5 {(01:45)} 28. Ng4 {(
02:36)} Be8 {(00:42)} 29. Nh2 {(02:39)} Bf7 {(02:08)} 30.
Bxf7 {(00:27)} Rxf7 {(00:07)} 31. Qh5 {(00:43)} Qb3 {
(01:44)} 32. h4 {(02:28)} gxh4 {(05:14)} 33. Rf4 {(
12:20)} Ne8 {(03:05)} 34. Rxh4 {(04:56)} Kh8 {(00:08)} 35.
Nf1 {(05:12)} Nc7 {(02:37)} 36. Rh3 {(00:51)} Rg7 {
(00:38)} 37. Bh6 {(01:58)} Rg8 {(02:07)} 38. Bf8 {(
01:00)} Rg7 {(00:08)} 39. Bxg7+ {(00:10)} Kxg7 {(00:19)}
40. Qxh7+ {(00:00)} Kf8 {(00:00)} 41. Qg6 {(03:24)} Qg8 {
(01:44)} 42. Qxg8+ {(00:09)} Kxg8 {(00:01)} 43. Nd2 {
(00:40)} Nb5 {(01:09)} 44. Nc4 {(02:37)} Nc3 {(05:
00)} 45. g4 {(03:12)} Nd1 {(02:04)} 46. Kg2 {(03:38)} Kg7
{(00:49)} 47. Rh1 {(05:10)} Nf2 {(00:21)} 48. Rb1 {
(00:07)} Nxd3 {(00:57)} 49. Rb7 {(00:11)} Kf7 {(00:
07)} 50. Nb6 {(01:24)} Ne5 {(05:23)} 51. Kg3 {(00:43)} c4
{(01:42)} 52. Nd5 {(01:30)} Nd3 {(07:18)} 53. Rxe7+ {
(00:25)} Kf8 {(00:08)} 54. Rc7 {(00:55)} Nc5 {(01:
03)} 55. Kf3 {(02:13)} Be5 {(03:25)} 56. Nb4 {(04:26)} c3
{(00:57)} 57. Nc2 {(00:44)} Nxe4 {(00:58)} 58. Rc8+ {
(00:20)} 1-0

[Event "42nd Olympiad Baku 2016 Women"]
[Site "Baku"]
[Date "2016.09.05"]
[Round "4.24"]
[White "Hernandez Moya, Yuleisy"]
[Black "Castrillon Gomez, Melissa"]
[Result "1/2-1/2"]
[ECO "B59"]
[WhiteElo "2264"]
[BlackElo "2194"]
[Annotator ""]
[PlyCount "55"]
[EventDate "2016.??.??"]
[EventCountry "AZE"]
[SourceTitle "playchess.com"]
[Source "ChessBase"]
[WhiteTeam "Cuba"]
[BlackTeam "Colombia"]
[WhiteTeamCountry "CUB"]
[BlackTeamCountry "COL"]
[TimeControl "40/5400+30:1800+30"]

1. e4 {(00:00)} c5 {(00:07)} 2. Nf3 {(00:00)} Nc6 {
(00:10)} 3. d4 {(00:00)} cxd4 {(00:10)} 4. Nxd4 {(
00:00)} e5 {(00:33)} 5. Nb3 {(02:06)} Nf6 {(04:14)} 6. Nc3
{(02:27)} d6 {(12:49)} 7. Be2 {(08:23)} Be6 {(01:
56)} 8. Bg5 {(04:16)} Be7 {(00:08)} 9. Bxf6 {(04:45)} Bxf6
{(00:23)} 10. Nd5 {(05:18)} Bg5 {(04:03)} 11. O-O {
(03:31)} O-O {(03:44)} 12. c4 {(00:32)} Ne7 {(02:
48)} 13. Nxe7+ {(13:47)} Qxe7 {(02:08)} 14. Nd2 {(00:21)}
f5 {(07:58)} 15. exf5 {(04:40)} Bxf5 {(01:24)} 16. Bf3 {
(12:26)} Be6 {(08:34)} 17. Bd5 {(19:25)} Bxd5 {(00:
59)} 18. cxd5 {(00:05)} Rf4 {(05:45)} 19. Qe2 {(04:12)}
Qf7 {(20:12)} 20. Ne4 {(00:12)} Qg6 {(01:11)} 21. f3 {
(02:08)} Bd8 {(01:15)} 22. Rac1 {(01:23)} Bb6+ {(
00:14)} 23. Kh1 {(00:05)} Raf8 {(07:59)} 24. Rc4 {(00:51)}
Bd4 {(02:17)} 25. Rfc1 {(04:10)} Qh6 {(04:58)} 26. Rc8 {
(03:39)} Bc5 {(01:40)} 27. Rxf8+ {(01:59)} Rxf8 {(
00:01)} 28. Rc2 {(00:50)} 1/2-1/2

[Event "42nd Olympiad Baku 2016 Women"]
[Site "Baku"]
[Date "2016.09.05"]
[Round "4.8"]
[White "Hernandez Resto, Aracelys"]
[Black "Lourenco, Eva"]
[Result "1-0"]
[ECO "E61"]
[WhiteElo "1314"]
[BlackElo "1276"]
[Annotator ""]
[PlyCount "123"]
[EventDate "2016.??.??"]
[EventCountry "AZE"]
[SourceTitle "playchess.com"]
[Source "ChessBase"]
[WhiteTeam "Puerto Rico"]
[BlackTeam "New Zealand"]
[WhiteTeamCountry "PUR"]
[BlackTeamCountry "NZL"]
[TimeControl "40/5400+30:1800+30"]

1. d4 {(00:00)} Nf6 {(00:02)} 2. c4 {(00:19)} g6 {(
00:40)} 3. Nc3 {(00:13)} Bg7 {(00:12)} 4. Nf3 {(00:12)} d6
{(00:18)} 5. Bf4 {(01:12)} O-O {(03:48)} 6. e3 {(
00:10)} Nh5 {(01:07)} 7. Ne2 {(00:15)} Nxf4 {(02:22)} 8.
Nxf4 {(00:21)} e5 {(09:03)} 9. dxe5 {(01:04)} dxe5 {
(03:21)} 10. Ne2 {(02:35)} Be6 {(07:58)} 11. Nc3 {(
03:29)} Nc6 {(06:41)} 12. Nd2 {(07:19)} a6 {(07:51)} 13.
Be2 {(01:30)} Rb8 {(05:16)} 14. Rc1 {(02:12)} Ne7 {
(06:58)} 15. O-O {(08:45)} f5 {(01:26)} 16. f4 {(
01:39)} exf4 {(00:42)} 17. exf4 {(03:09)} c5 {(03:53)} 18.
Nf3 {(01:49)} Qc7 {(02:40)} 19. Ng5 {(02:52)} Bc8 {
(02:29)} 20. Nd5 {(03:01)} Bd4+ {(08:19)} 21. Qxd4 {
(05:01)} cxd4 {(00:22)} 22. Nxc7 {(00:03)} Rd8 {(
05:17)} 23. Rfd1 {(03:41)} Rd6 {(04:11)} 24. Nd5 {(01:00)}
Nxd5 {(00:43)} 25. cxd5 {(00:23)} Rxd5 {(00:43)} 26. Bc4 {
(00:05)} Kg7 {(04:39)} 27. Bxd5 {(00:53)} Kh6 {(00:
56)} 28. Rd3 {(01:31)} b5 {(01:12)} 29. Rh3+ {(00:12)} Kg7
{(00:09)} 30. Rxh7+ {(00:11)} Kf8 {(00:49)} 31. Rxc8+ {
(00:46)} Rxc8 {(00:23)} 32. Rh8+ {(00:23)} Ke7 {(
00:13)} 33. Rxc8 {(00:07)} Kd6 {(00:47)} 34. Bb3 {(00:19)}
a5 {(00:47)} 35. Kf2 {(00:12)} a4 {(00:29)} 36. Bd1 {
(00:12)} Kd5 {(00:38)} 37. Nf3 {(00:37)} Ke4 {(00:
34)} 38. Nxd4 {(00:19)} Kxd4 {(00:19)} 39. Ke2 {(00:51)}
Ke4 {(01:30)} 40. g3 {(00:00)} Kd5 {(00:00)} 41. Kd3 {
(00:41)} Ke6 {(01:27)} 42. Kd4 {(00:30)} Kf6 {(00:
16)} 43. h3 {(01:14)} g5 {(00:17)} 44. fxg5+ {(00:07)}
Kxg5 {(00:29)} 45. h4+ {(00:34)} Kf6 {(00:40)} 46. Kd5 {
(00:20)} f4 {(00:31)} 47. gxf4 {(00:26)} Kf5 {(00:
22)} 48. Re8 {(00:51)} Kxf4 {(00:15)} 49. Bxa4 {(00:34)}
bxa4 {(00:15)} 50. Rf8+ {(00:06)} Ke3 {(00:31)} 51. b3 {
(01:50)} a3 {(00:18)} 52. Rc8 {(00:21)} Kf4 {(00:
43)} 53. Kd4 {(00:05)} Kg4 {(00:10)} 54. Ke4 {(00:21)}
Kxh4 {(00:06)} 55. Rg8 {(00:14)} Kh5 {(00:29)} 56. Kf5 {
(00:23)} Kh6 {(00:31)} 57. Rg5 {(00:47)} Kh7 {(00:
18)} 58. Kf6 {(00:12)} Kh6 {(00:28)} 59. Rf5 {(00:21)} Kh7
{(00:23)} 60. Kf7 {(00:11)} Kh6 {(00:20)} 61. Re5 {
(00:09)} Kh7 {(00:29)} 62. Rh5# {(00:09)} 1-0

[Event "42nd Olympiad Baku 2016 Women"]
[Site "Baku"]
[Date "2016.09.05"]
[Round "4.11"]
[White "Hincu, Olga"]
[Black "Thorsteinsdottir, Hallgerdur"]
[Result "0-1"]
[ECO "A50"]
[WhiteElo "2125"]
[BlackElo "2015"]
[Annotator ""]
[PlyCount "89"]
[EventDate "2016.??.??"]
[EventCountry "AZE"]
[SourceTitle "playchess.com"]
[Source "ChessBase"]
[WhiteTeam "Moldova"]
[BlackTeam "Iceland"]
[WhiteTeamCountry "MDA"]
[BlackTeamCountry "ISL"]
[TimeControl "40/5400+30:1800+30"]

1. d4 {(00:00)} Nf6 {(00:00)} 2. c4 {(00:00)} g6 {(
00:00)} 3. Nd2 {(00:00)} d5 {(00:21)} 4. cxd5 {(00:00)}
Nxd5 {(00:08)} 5. e4 {(00:00)} Nb6 {(01:22)} 6. Ngf3 {
(00:08)} Bg7 {(00:45)} 7. Nb3 {(00:08)} Bg4 {(02:
58)} 8. Be2 {(01:31)} Nc6 {(07:55)} 9. d5 {(04:49)} Ne5 {
(01:23)} 10. Nxe5 {(03:09)} Bxe2 {(00:17)} 11. Qxe2 {
(00:05)} Bxe5 {(00:10)} 12. Bh6 {(01:43)} Qd6 {(11:
00)} 13. g3 {(19:09)} Qb4+ {(01:38)} 14. Bd2 {(03:30)} Qc4
{(01:59)} 15. Rc1 {(02:37)} Qxe2+ {(01:08)} 16. Kxe2 {
(00:01)} O-O-O {(01:43)} 17. Bc3 {(04:24)} Bxc3 {(
03:21)} 18. Rxc3 {(00:14)} Rd6 {(14:36)} 19. Rhc1 {(01:28]
} Na8 {(00:32)} 20. Nd2 {(07:41)} Rhd8 {(16:03)} 21. Nc4 {
(06:27)} Ra6 {(01:09)} 22. a3 {(00:37)} Kb8 {(03:
36)} 23. b4 {(05:13)} f5 {(09:12)} 24. b5 {(07:34)} Ra4 {
(01:33)} 25. f3 {(01:09)} a6 {(00:29)} 26. Rb1 {(
07:55)} fxe4 {(07:23)} 27. fxe4 {(00:09)} e6 {(01:01)} 28.
dxe6 {(05:20)} Re8 {(00:16)} 29. e5 {(08:13)} Rxe6 {
(01:07)} 30. bxa6 {(01:36)} Raxa6 {(01:24)} 31. Kd3 {
(01:14)} Ka7 {(03:23)} 32. Kd4 {(00:58)} Re7 {(02:
02)} 33. Rcb3 {(01:51)} b6 {(02:00)} 34. Kd5 {(01:50)} b5
{(02:04)} 35. Ne3 {(01:13)} Rae6 {(00:22)} 36. Kd4 {
(01:31)} c6 {(00:44)} 37. Ng4 {(01:44)} h5 {(00:17]
} 38. Nf6 {(01:04)} Rxe5 {(00:26)} 39. Rc3 {(01:51)} Kb7 {
(01:22)} 40. a4 {(00:00)} Nc7 {(00:00)} 41. a5 {(
04:57)} Rf5 {(06:33)} 42. Ne4 {(02:03)} Rd5+ {(00:40)} 43.
Ke3 {(00:04)} Rde5 {(00:26)} 44. Rc4 {(01:32)} Ka7 {
(01:48)} 45. Rd4 {(00:53)} 0-1

[Event "42nd Olympiad Baku 2016 Women"]
[Site "Baku"]
[Date "2016.09.05"]
[Round "4.1"]
[White "Hoang, Thanh Trang"]
[Black "Kosteniuk, Alexandra"]
[Result "1/2-1/2"]
[ECO "E35"]
[WhiteElo "2467"]
[BlackElo "2538"]
[Annotator ""]
[PlyCount "137"]
[EventDate "2016.??.??"]
[EventCountry "AZE"]
[SourceTitle "playchess.com"]
[Source "ChessBase"]
[WhiteTeam "Hungary"]
[BlackTeam "Russia"]
[WhiteTeamCountry "HUN"]
[BlackTeamCountry "RUS"]
[TimeControl "40/5400+30:1800+30"]

1. d4 {(00:00)} Nf6 {(00:00)} 2. c4 {(00:24)} e6 {(
00:00)} 3. Nc3 {(00:28)} Bb4 {(00:00)} 4. Qc2 {(00:29)} d5
{(00:14)} 5. cxd5 {(00:55)} exd5 {(00:06)} 6. Bg5 {
(00:33)} c5 {(00:23)} 7. dxc5 {(00:40)} h6 {(00:19]
} 8. Bh4 {(00:27)} Be6 {(00:46)} 9. e3 {(02:53)} O-O {
(00:30)} 10. Nf3 {(01:25)} Nbd7 {(00:33)} 11. a3 {(
06:52)} Bxc3+ {(01:05)} 12. Qxc3 {(01:03)} g5 {(00:22)}
13. Bg3 {(01:58)} Ne4 {(00:28)} 14. Qd4 {(09:25)} Ndxc5 {
(00:50)} 15. Rd1 {(00:49)} Rc8 {(01:24)} 16. Be2 {(
07:51)} Nb3 {(02:31)} 17. Qb4 {(02:09)} Nc1 {(01:14)} 18.
Nd4 {(03:02)} Nxe2 {(09:21)} 19. Kxe2 {(06:11)} b6 {
(07:44)} 20. f3 {(03:16)} a5 {(04:40)} 21. Qe1 {(
02:24)} Nd6 {(07:10)} 22. Bxd6 {(01:28)} Qxd6 {(00:04)}
23. Qg3 {(01:58)} Qxg3 {(03:44)} 24. hxg3 {(00:10)} Kg7 {
(00:08)} 25. Rc1 {(06:35)} Bd7 {(01:06)} 26. g4 {(
01:10)} Rc5 {(09:06)} 27. Kd2 {(01:08)} a4 {(04:16)} 28.
Rc3 {(04:16)} Kg6 {(01:32)} 29. Rhc1 {(05:33)} Rfc8 {
(00:16)} 30. g3 {(06:18)} R8c7 {(03:26)} 31. Kd3 {(
03:47)} Bc8 {(01:26)} 32. Kd2 {(02:33)} Bd7 {(01:41)} 33.
Kd3 {(02:33)} Bc8 {(00:06)} 34. Kd2 {(00:17)} Bd7 {
(00:05)} 35. Nc2 {(05:05)} Be6 {(14:32)} 36. Nb4 {(
02:47)} Rc4 {(00:31)} 37. Rxc4 {(01:39)} dxc4 {(00:17)}
38. Nc2 {(00:33)} h5 {(04:51)} 39. gxh5+ {(00:29)} Kxh5 {
(00:02)} 40. Rh1+ {(00:00)} Kg6 {(00:00)} 41. g4 {(
06:34)} Kg7 {(07:45)} 42. Nd4 {(00:32)} Bd7 {(00:22)} 43.
Kc3 {(00:51)} Rc8 {(00:17)} 44. Rd1 {(05:09)} Kf6 {
(02:02)} 45. Rh1 {(03:33)} Kg7 {(01:12)} 46. Kb4 {(
01:25)} b5 {(05:15)} 47. Rd1 {(02:22)} c3 {(05:52)} 48. b3
{(01:42)} Be6 {(00:34)} 49. bxa4 {(05:59)} bxa4 {(
00:10)} 50. Kxa4 {(02:08)} c2 {(03:09)} 51. Rc1 {(00:07)}
Rc3 {(00:16)} 52. Kb4 {(01:06)} Rxe3 {(01:15)} 53. Rxc2 {
(00:20)} Kf6 {(02:23)} 54. a4 {(01:26)} Bd5 {(07:
26)} 55. Rc3 {(00:35)} Rxc3 {(10:11)} 56. Kxc3 {(00:06)}
Ke5 {(00:02)} 57. a5 {(00:14)} Bb7 {(01:14)} 58. Kc4 {
(01:14)} Kf4 {(05:30)} 59. Kc5 {(01:14)} Ke3 {(00:
10)} 60. Kb6 {(02:18)} Ba8 {(00:24)} 61. Kc5 {(00:12)} Bb7
{(00:07)} 62. Kc4 {(00:11)} Kf4 {(02:05)} 63. Kd3 {
(01:46)} Ba6+ {(00:14)} 64. Kd2 {(00:13)} Bc4 {(00:
39)} 65. Nc6 {(03:35)} Bd5 {(00:07)} 66. Nd4 {(00:21)} Bc4
{(00:03)} 67. Kc3 {(00:21)} Ba6 {(00:07)} 68. Kb4 {
(01:37)} Ke3 {(00:10)} 69. Kc5 {(00:30] Ke4} 1/2-1/2

[Event "42nd Olympiad Baku 2016 Women"]
[Site "Baku"]
[Date "2016.09.05"]
[Round "4.34"]
[White "Hoshino, Karen"]
[Black "Aleksandrova, Aleksandra"]
[Result "0-1"]
[ECO "D53"]
[WhiteElo "1802"]
[BlackElo "1848"]
[Annotator ""]
[PlyCount "138"]
[EventDate "2016.??.??"]
[EventCountry "AZE"]
[SourceTitle "playchess.com"]
[Source "ChessBase"]
[WhiteTeam "JPN"]
[BlackTeam "IPCA"]
[WhiteTeamCountry "JPN"]
[BlackTeamCountry "ISR"]
[TimeControl "40/5400+30:1800+30"]

1. d4 {(00:00)} d5 {(00:00)} 2. c4 {(00:00)} e6 {(
00:00)} 3. Nc3 {(00:00)} Nf6 {(00:00)} 4. Bg5 {(00:01)}
Be7 {(01:18)} 5. e3 {(00:14)} a6 {(01:20)} 6. Nf3 {
(03:03)} Nbd7 {(04:29)} 7. Rc1 {(02:21)} c6 {(02:
56)} 8. Bd3 {(00:29)} dxc4 {(12:13)} 9. Bxc4 {(00:12)} Nd5
{(00:31)} 10. Bxe7 {(07:03)} Nxe7 {(01:58)} 11. O-O {
(02:49)} O-O {(00:37)} 12. a3 {(05:32)} Qa5 {(07:
21)} 13. Qd3 {(05:52)} Qh5 {(01:44)} 14. Ba2 {(07:08)} b5
{(03:49)} 15. Ne2 {(06:06)} a5 {(06:15)} 16. Nf4 {(
05:31)} Qh6 {(00:15)} 17. Bb1 {(03:05)} Bb7 {(07:50)} 18.
Ng5 {(11:17)} g6 {(01:12)} 19. Ne4 {(01:08)} b4 {(
00:34)} 20. Qb3 {(02:16)} Nd5 {(06:30)} 21. Nd3 {(07:54)}
a4 {(23:43)} 22. Qd1 {(00:20)} bxa3 {(00:23)} 23. bxa3 {
(00:14)} Rfb8 {(08:40)} 24. Ba2 {(08:28)} Qf8 {(03:
49)} 25. Nec5 {(02:35)} Nxc5 {(01:08)} 26. Nxc5 {(02:01)}
Bc8 {(00:09)} 27. Qc2 {(03:17)} Qd6 {(00:46)} 28. Rb1 {
(02:40)} Nb6 {(01:02)} 29. Rb2 {(01:08)} Nd7 {(01:
25)} 30. Rfb1 {(03:07)} Rxb2 {(00:59)} 31. Rxb2 {(00:14)}
Nxc5 {(00:06)} 32. Qxc5 {(00:56)} Qxc5 {(00:02)} 33. dxc5
{(00:09)} Kg7 {(00:10)} 34. Rb6 {(04:40)} Bd7 {(00:
23)} 35. Rb7 {(01:57)} Be8 {(00:44)} 36. Bxe6 {(02:12)}
Ra5 {(00:03)} 37. Bc4 {(00:45)} Rxc5 {(00:18)} 38. Rb4 {
(00:04)} Bd7 {(00:30)} 39. Rxa4 {(02:00)} Be6 {(00:
02)} 40. Bf1 {(00:00)} Rc1 {(00:00)} 41. f4 {(05:39)} c5 {
(02:42)} 42. Kf2 {(03:25)} c4 {(00:34)} 43. e4 {(
02:58)} c3 {(00:47)} 44. Ra7 {(02:32)} Ra1 {(00:58)} 45.
Bd3 {(02:05)} c2 {(03:30)} 46. Bxc2 {(00:05)} Ra2 {
(00:01)} 47. h3 {(02:59)} Rxc2+ {(00:20)} 48. Kf3 {
(00:16)} Rc3+ {(02:16)} 49. Kf2 {(00:17)} Bb3 {(01:
19)} 50. Ra5 {(00:48)} Rc4 {(00:28)} 51. Ke3 {(01:14)} Ra4
{(01:08)} 52. Rc5 {(05:06)} Bc4 {(02:38)} 53. Kf2 {
(01:12)} Bd3 {(00:50)} 54. Rc3 {(00:55)} Bxe4 {(00:
10)} 55. g4 {(00:21)} Bd5 {(02:01)} 56. Kg3 {(00:43)} Rc4
{(02:46)} 57. Re3 {(00:45)} Be6 {(01:22)} 58. h4 {(
00:42)} Rc1 {(01:16)} 59. f5 {(00:33)} gxf5 {(00:56)} 60.
gxf5 {(00:09)} Bxf5 {(00:05)} 61. Kf4 {(01:51)} Be6 {
(00:48)} 62. Kg3 {(02:53)} Rg1+ {(01:19)} 63. Kf3 {
(00:51)} Rh1 {(00:34)} 64. Kf2 {(01:10)} Rxh4 {(00:
25)} 65. Re1 {(00:09)} Rh3 {(01:25)} 66. a4 {(00:58)} Ra3
{(00:25)} 67. Re4 {(00:14)} Bb3 {(00:57)} 68. Re3 {
(00:24)} Ra2+ {(00:23)} 69. Kg3 {(00:13)} Bxa4 {(
00:13)} 0-1